Red Wings vs Maple Leafs (R1)

Created - March 23, 2020 at 19:00

Goals
1 2 3 T
Red Wings 1 0 1 2
Maple Leafs 0 1 3 4
Shots
1 2 3 T
Red Wings 10 3 11 24
Maple Leafs 10 9 9 28

1st period

1. Red Wings , Tye McGinn 1 (Nick Bjugstad 21) at 11:00

Penalties :
Nick Bjugstad (Det) for Unsportsmanlike conduct (Minor) at 3:07, Andrew Alberts (Det) for Interference (Minor) at 11:36, Ben Smith (Tor) for Roughing (Minor) at 19:10

2nd period

2. Maple Leafs , Kevin Shattenkirk 12 (Beau Bennett 5, Jordan Staal 38) at 17:10

Penalties :
Beau Bennett (Tor) for Tripping (Minor) at 14:08, Ryan Parent (Tor) for High sticking (Minor) at 18:18

3rd period

3. Maple Leafs , Patrick Kane 45 (Kyle Clifford 24, Brayden Schenn 23) at 1:38
4. Maple Leafs , Kyle Clifford 14 (Mika Zibanejad 15, Hampus Lindholm 21) at 5:29
5. Red Wings , Mike Richards 26 (Riley Armstrong 4, Jiri Fischer 14) at 10:50 (SH)
6. Maple Leafs , Kyle Clifford 15 (Ryan Parent 12) at 15:09 (SH)

Penalties :
Kyle Clifford (Tor) for Hooking (Minor) at 3:17, Connor Brown (Det) for Interference (Minor) at 3:21, Kevin Shattenkirk (Tor) for Delaying the game (Minor) at 7:57, Michael Haley (Det) for Tripping (Minor) at 10:06, Ben Smith (Tor) for Interference (Minor) at 14:59

Goalie Stats

James Reimer (Det), 24 saves from 28 shots - (0.857), L, 19-20-5, 60:00 minutes
Marc-André Fleury (Tor), 22 saves from 24 shots - (0.917), W, 23-20-7, 60:00 minutes

Players Stats for Red Wings

Player Name              G  A  P  +/- PIM S  H  SB GA TA FO     MP     PP MP  PK MP  
------------------------------------------------------------------------------------
Alex Picard              0  0  0  -1  0   2  1  1  0  0  0/2    21:23   6:03   0:10 
Andrew Alberts           0  0  0   0  2   2  0  0  0  0  0/0    15:28   3:49   0:00 
Anton Volchenkov         0  0  0   0  0   1  0  1  1  0  0/0    15:38   0:00   3:22 
Carson Mcmillan          0  0  0   0  0   2  2  0  1  0  0/0    10:35   0:00   3:40 
Chris Kelly              0  0  0   0  0   1  0  0  0  0  4/10   11:04   0:00   3:47 
Connor Brown             0  0  0  -2  2   1  3  0  1  0  0/0    19:58   6:02   0:00 
David Krejci             0  0  0  -1  0   0  2  0  0  2  0/2     9:53   0:00   0:04 
Jiri Fischer             0  1  1  -1  0   0  0  1  0  1  0/0    20:28   3:49   2:39 
Jordin Tootoo            0  0  0   0  0   2  0  0  0  0  0/0    13:05   3:56   0:00 
Karl Alzner              0  0  0  -3  0   0  1  0  0  0  0/0    21:07   6:10   0:04 
Michael Haley            0  0  0   0  2   0  0  0  0  0  0/0     9:03   0:00   1:25 
Mike Richards            1  0  1   0  0   1  3  0  0  0  18/34  22:24   6:03   0:55 
Nick Bjugstad            0  1  1  -2  2   5  3  0  0  0  6/9    17:10   3:56   0:07 
Petr Pohl                0  0  0  -1  0   0  0  0  0  0  3/4    11:50   0:00   0:00 
Philip Samuelsson        0  0  0   0  0   0  5  2  1  0  0/0    26:17   6:10   2:35 
Riley Armstrong          0  1  1   1  0   1  0  0  0  0  0/0     9:59   0:00   1:54 
Ryan O'Byrne             0  0  0   0  0   1  0  1  1  0  0/0    20:46   0:00   3:22 
Tye McGinn               1  0  1  -1  0   5  0  0  1  0  0/1    15:52   3:56   0:00 

Players Stats for Maple Leafs

Player Name              G  A  P  +/- PIM S  H  SB GA TA FO     MP     PP MP  PK MP  
------------------------------------------------------------------------------------
Beau Bennett             0  1  1   0  2   1  0  0  0  0  0/0    11:10   0:00   0:00 
Ben Smith                0  0  0  -1  4   0  0  1  0  1  0/0    14:49   2:18   0:59 
Blake Comeau             0  0  0   0  0   1  0  0  0  0  0/0     7:12   0:00   0:00 
Brayden Schenn           0  1  1   1  0   3  0  1  0  1  15/28  23:08   2:18   6:12 
Braydon Coburn           0  0  0   2  0   0  1  0  0  1  0/0    22:11   0:00   6:53 
Eric Nystrom             0  0  0   1  0   1  1  0  0  0  0/0     8:34   0:04   0:55 
Hampus Lindholm          0  1  1  -1  0   1  0  0  0  1  0/0    17:40   4:06   3:12 
Jake Guentzel            0  0  0  -1  0   3  1  1  0  0  0/0    10:07   0:00   0:00 
John Klingberg           0  0  0   1  0   1  2  1  2  0  0/0    20:15   1:55   0:29 
Jordan Staal             0  1  1   1  0   4  2  1  0  0  8/17   18:06   3:39   2:51 
Kevin Shattenkirk        1  0  1   0  2   4  1  1  0  1  0/0    26:35   4:07   2:59 
Kyle Clifford            2  1  3   2  2   2  2  0  0  1  0/2    22:37   2:22   5:54 
Marc-Édouard Vlasic      0  0  0   0  0   0  0  0  1  0  0/0    13:49   1:54   1:07 
Mika Zibanejad           0  1  1   0  0   3  1  0  0  0  4/9    11:27   0:04   0:16 
Nate Thompson            0  0  0   0  0   0  0  0  0  0  3/3     6:42   0:00   0:00 
Patrick Kane             1  0  1   2  0   3  1  1  0  0  1/3    21:01   3:39   2:51 
Ryan Parent              0  1  1   2  2   0  4  1  0  0  0/0    18:34   0:00   5:18 
Taylor Hall              0  0  0   0  0   1  1  0  0  0  0/0    14:03   3:39   0:00 

3 Stars

1 - Kyle Clifford (Tor)
2 - Patrick Kane (Tor)
3 - Ryan Parent (Tor)

Power Play

Red Wings - 0 on 6 Attempt(s) - 0.00%
Maple Leafs - 0 on 4 Attempt(s) - 0.00%

Penalty Kill

Red Wings - 4 on 4 Attempt(s) - 100.00% - Score 1 goal in Penalty Kill
Maple Leafs - 6 on 6 Attempt(s) - 100.00% - Score 1 goal in Penalty Kill

Team Stat

Red Wings - Hits : 20 - Faceoff Wins : 31 - Blocked Shots : 6 - Penalty Minutes : 8
Maple Leafs - Hits : 17 - Faceoff Wins : 31 - Blocked Shots : 8 - Penalty Minutes : 12

Official

Referees : Unknown
Linesman : Unknown

Game Notes

No Game Note

Finance

Level 1 -- Attendance: 5154 (85.90%) -- Ticket Income $566,940
Level 2 -- Attendance: 4223 (84.46%) -- Ticket Income $295,610
Level 3 -- Attendance: 1549 (77.45%) -- Ticket Income $71,254
Level 4 -- Attendance: 3273 (81.83%) -- Ticket Income $98,190
Luxury Box -- Attendance: 990 (99.00%) -- Ticket Income $178,200
Game was played at the Maple Leafs Garden.
Total Attendance: 15189 (84.38%)
Total Ticket Income: $1,210,194
Other Income: $181,529
Total Income: $1,391,723

Red Wings

5 vs 5 Forward 
   Center                   Left Wing                Right Wing               Time % Phy DF OF 
 1 Mike Richards            Alex Picard              Connor Brown             40     1   2  2  
 2 Nick Bjugstad            Tye McGinn               Petr Pohl                30     1   2  2  
 3 David Krejci             Riley Armstrong          Jordin Tootoo            20     2   2  1  
 4 Chris Kelly              Michael Haley            Carson Mcmillan          10     0   3  2  

5 vs 5 Defense 
   Defense                  Defense                                           Time % Phy DF OF 
 1 Philip Samuelsson        Ryan O'Byrne                                      40     1   2  2  
 2 Karl Alzner              Jiri Fischer                                      30     1   2  2  
 3 Andrew Alberts           Anton Volchenkov                                  20     1   2  2  
 4 Andrew Alberts           Anton Volchenkov                                  10     1   2  2  

PowerPlay Forward 
   Center                   Left Wing                Right Wing               Time % Phy DF OF 
 1 Mike Richards            Alex Picard              Connor Brown             60     0   1  4  
 2 Nick Bjugstad            Tye McGinn               Jordin Tootoo            40     0   1  4  

PowerPlay Defense
   Defense                  Defense                                           Time % Phy DF OF 
 1 Philip Samuelsson        Karl Alzner                                       60     0   2  3  
 2 Andrew Alberts           Jiri Fischer                                      40     0   2  3  

Penalty Kill 4 Players Forward 
   Center                   Wing                     Time % Phy DF OF 
 1 Chris Kelly              Carson Mcmillan          60     1   2  2  
 2 Riley Armstrong          Michael Haley            40     1   2  2  

Penalty Kill 4 Players Defense
   Defense                  Defense                  Time % Phy DF OF 
 1 Anton Volchenkov         Ryan O'Byrne             60     1   2  2  
 2 Jiri Fischer             Philip Samuelsson        40     1   2  2  

Penalty Kill - 3 Players Forward 
   Forward                                           Time % Phy DF OF 
 1 Carson Mcmillan                                   60     1   2  2  
 2 Michael Haley                                     40     1   2  2  

Penalty Kill - 3 Players Defense
   Defense                  Defense                  Time % Phy DF OF 
 1 Anton Volchenkov         Ryan O'Byrne             60     1   2  2  
 2 Jiri Fischer             Philip Samuelsson        40     1   2  2  

4 vs 4 Forward 
   Center                   Wing                     Time % Phy DF OF 
 1 Mike Richards            Connor Brown             60     1   2  2  
 2 Alex Picard              David Krejci             40     1   2  2  

4 vs 4 Defense
   Defense                  Defense                  Time % Phy DF OF 
 1 Philip Samuelsson        Ryan O'Byrne             60     1   2  2  
 2 Karl Alzner              Jiri Fischer             40     1   2  2  

Last Minutes Offensive
   Center                   Left Wing                Right Wing               Defense                  Defense                  
   Mike Richards            Alex Picard              Connor Brown             Philip Samuelsson        Karl Alzner              

Last Minutes Defensive
   Center                   Left Wing                Right Wing               Defense                  Defense                  
   Riley Armstrong          Michael Haley            Carson Mcmillan          Anton Volchenkov         Ryan O'Byrne             

Goaltenders
Starting : James Reimer             
Backup : Jean-Francois Berube     

Extra Forwards
Normal : Connor Brown, Nick Bjugstad, David Krejci - PP : David Krejci, Petr Pohl - PK : Mike Richards
Extra Defensemen
Normal : Philip Samuelsson, Karl Alzner, Anton Volchenkov - PP : Anton Volchenkov - PK : Karl Alzner, Andrew Alberts
Penalty Shots
Mike Richards, Carson Mcmillan, Nick Bjugstad, Alex Picard, Jordin Tootoo

Scratches
Dany Heatley (Healthy), Jakub Kindl (Groin Injury), Petter Granberg (Healthy), Josh Harding (Healthy)

Maple Leafs

5 vs 5 Forward 
   Center                   Left Wing                Right Wing               Time % Phy DF OF 
 1 Brayden Schenn           Kyle Clifford            Patrick Kane             40     0   2  3  
 2 Jordan Staal             Taylor Hall              Ben Smith                30     1   2  2  
 3 Mika Zibanejad           Jake Guentzel            Beau Bennett             20     1   2  2  
 4 Nate Thompson            Eric Nystrom             Blake Comeau             10     1   3  1  

5 vs 5 Defense 
   Defense                  Defense                                           Time % Phy DF OF 
 1 Kevin Shattenkirk        John Klingberg                                    40     1   2  2  
 2 Ryan Parent              Braydon Coburn                                    30     1   3  1  
 3 Marc-Édouard Vlasic      Hampus Lindholm                                   20     1   2  2  
 4 Kevin Shattenkirk        Braydon Coburn                                    10     1   2  2  

PowerPlay Forward 
   Center                   Left Wing                Right Wing               Time % Phy DF OF 
 1 Jordan Staal             Taylor Hall              Patrick Kane             60     0   1  4  
 2 Brayden Schenn           Kyle Clifford            Ben Smith                40     0   1  4  

PowerPlay Defense
   Defense                  Defense                                           Time % Phy DF OF 
 1 Kevin Shattenkirk        Hampus Lindholm                                   60     0   1  4  
 2 Marc-Édouard Vlasic      John Klingberg                                    40     0   1  4  

Penalty Kill 4 Players Forward 
   Center                   Wing                     Time % Phy DF OF 
 1 Brayden Schenn           Kyle Clifford            60     1   3  1  
 2 Jordan Staal             Patrick Kane             40     1   3  1  

Penalty Kill 4 Players Defense
   Defense                  Defense                  Time % Phy DF OF 
 1 Braydon Coburn           Ryan Parent              60     1   3  1  
 2 Kevin Shattenkirk        Hampus Lindholm          40     1   3  1  

Penalty Kill - 3 Players Forward 
   Forward                                           Time % Phy DF OF 
 1 Brayden Schenn                                    60     1   4  0  
 2 Taylor Hall                                       40     1   4  0  

Penalty Kill - 3 Players Defense
   Defense                  Defense                  Time % Phy DF OF 
 1 Braydon Coburn           Ryan Parent              60     1   4  0  
 2 Kevin Shattenkirk        Hampus Lindholm          40     1   4  0  

4 vs 4 Forward 
   Center                   Wing                     Time % Phy DF OF 
 1 Jordan Staal             Patrick Kane             60     1   2  2  
 2 Brayden Schenn           Taylor Hall              40     1   2  2  

4 vs 4 Defense
   Defense                  Defense                  Time % Phy DF OF 
 1 Kevin Shattenkirk        John Klingberg           60     1   2  2  
 2 Braydon Coburn           Ryan Parent              40     1   2  2  

Last Minutes Offensive
   Center                   Left Wing                Right Wing               Defense                  Defense                  
   Jordan Staal             Taylor Hall              Patrick Kane             Kevin Shattenkirk        Hampus Lindholm          

Last Minutes Defensive
   Center                   Left Wing                Right Wing               Defense                  Defense                  
   Jordan Staal             Eric Nystrom             Patrick Kane             Braydon Coburn           Ryan Parent              

Goaltenders
Starting : Marc-André Fleury        
Backup : Tyler Weiman             

Extra Forwards
Normal : Taylor Hall, Mika Zibanejad, Patrick Kane - PP : Brayden Schenn, Ben Smith - PK : Ben Smith
Extra Defensemen
Normal : Hampus Lindholm, Braydon Coburn, Kevin Shattenkirk - PP : John Klingberg - PK : Ryan Parent, Kevin Shattenkirk
Penalty Shots
Patrick Kane, Jordan Staal, Taylor Hall, Brayden Schenn, John Klingberg

Scratches
None


% Time on Ice - Red Wings

Lines # - Real PCT - Wanted PCT - Time Play
Normal Forward
1 - 37% - 40% - 15:36
2 - 29% - 30% - 12:15
3 - 19% - 20% - 7:53
4 - 15% - 10% - 6:21
Normal Defense
1 - 42% - 40% - 17:49
2 - 30% - 30% - 12:37
3 - 20% - 20% - 8:37
4 - 7% - 10% - 3:02
PP Forward
1 - 61% - 60% - 6:03
2 - 39% - 40% - 3:56
PP Defense
1 - 62% - 60% - 6:10
2 - 38% - 40% - 3:49
PK Forward
1 - 68% - 60% - 4:07
2 - 32% - 40% - 1:54
PK Defense
1 - 56% - 60% - 3:22
2 - 44% - 40% - 2:39
PK3 Forward
1 - 0% - 60%
2 - 0% - 40%
PK3 Defense
1 - 0% - 60%
2 - 0% - 40%
44 Forward
1 - 100% - 60% - 1:55
2 - 0% - 40% - 0:00
44 Defense
1 - 58% - 60% - 1:07
2 - 42% - 40% - 0:48
Last Minute Offensive  - 0:00
Last Minute Defensive  - 0:00
Total
Forward - 60:00
Defense - 60:00

% Time on Ice - Maple Leafs

Lines # - Real PCT - Wanted PCT - Time Play
Normal Forward
1 - 32% - 40% - 13:36
2 - 28% - 30% - 11:59
3 - 24% - 20% - 9:55
4 - 16% - 10% - 6:35
Normal Defense
1 - 46% - 40% - 19:13
2 - 29% - 30% - 12:00
3 - 22% - 20% - 9:20
4 - 4% - 10% - 1:32
PP Forward
1 - 62% - 60% - 3:43
2 - 38% - 40% - 2:18
PP Defense
1 - 68% - 60% - 4:07
2 - 32% - 40% - 1:54
PK Forward
1 - 71% - 60% - 7:08
2 - 29% - 40% - 2:51
PK Defense
1 - 69% - 60% - 6:56
2 - 31% - 40% - 3:03
PK3 Forward
1 - 0% - 60%
2 - 0% - 40%
PK3 Defense
1 - 0% - 60%
2 - 0% - 40%
44 Forward
1 - 82% - 60% - 1:34
2 - 18% - 40% - 0:21
44 Defense
1 - 61% - 60% - 1:10
2 - 39% - 40% - 0:45
Last Minute Offensive  - 0:00
Last Minute Defensive  - 0:00
Total
Forward - 60:00
Defense - 60:00

Play-by-Play

1st period


0:01 of 1st period - Mike Richards wins face-off versus Brayden Schenn in neutral zone.
0:51 of 1st period - Slapshot by Mika Zibanejad.
0:51 of 1st period - Stopped by James Reimer without a rebound.
0:52 of 1st period - Nate Thompson wins face-off versus David Krejci in Red Wings zone.
0:55 of 1st period - Slapshot by Hampus Lindholm.
0:55 of 1st period - Shot Misses the Net.
1:23 of 1st period - Snap shot by Brayden Schenn.
1:23 of 1st period - Stopped by James Reimer with a rebound.
2:04 of 1st period - Slapshot by Braydon Coburn.
2:04 of 1st period - Deflect By Jake Guentzel.
2:04 of 1st period - Stopped by James Reimer without a rebound.
2:05 of 1st period - Mika Zibanejad wins face-off versus Chris Kelly in Red Wings zone.
2:16 of 1st period - Snap shot by Mika Zibanejad.
2:16 of 1st period - Shot Misses the Net.
2:18 of 1st period - Slapshot by John Klingberg.
2:18 of 1st period - Deflect By Mika Zibanejad.
2:18 of 1st period - Shot Misses the Net.
2:18 of 1st period - Puck is out of play.
2:19 of 1st period - Mike Richards wins face-off versus Brayden Schenn in Red Wings zone.
2:30 of 1st period - Snap shot by Patrick Kane.
2:30 of 1st period - Stopped by James Reimer without a rebound.
2:31 of 1st period - Brayden Schenn wins face-off versus Mike Richards in Red Wings zone.
2:44 of 1st period - Snap shot by John Klingberg.
2:44 of 1st period - Shot Blocked by Philip Samuelsson.
3:04 of 1st period - Wrist shot by Kevin Shattenkirk.
3:04 of 1st period - Deflect By Taylor Hall.
3:04 of 1st period - Shot Misses the Net.
3:04 of 1st period - Puck is out of play.
3:05 of 1st period - Nick Bjugstad wins face-off versus Mika Zibanejad in Red Wings zone.
3:07 of 1st period - Minor Penalty to Nick Bjugstad for Unsportsmanlike conduct.
3:08 of 1st period - Chris Kelly wins face-off versus Jordan Staal in Red Wings zone.
3:26 of 1st period - Anton Volchenkov is hit by Jordan Staal and loses puck.
4:01 of 1st period - Wrist shot by Kevin Shattenkirk.
4:01 of 1st period - Stopped by James Reimer without a rebound.
4:02 of 1st period - Brayden Schenn wins face-off versus Chris Kelly in Red Wings zone.
4:05 of 1st period - Wrist shot by Ben Smith.
4:05 of 1st period - Shot Hit the Post.
4:07 of 1st period - Slapshot by John Klingberg.
4:07 of 1st period - Deflect By Jiri Fischer.
4:07 of 1st period - Stopped by James Reimer without a rebound.
4:08 of 1st period - Brayden Schenn wins face-off versus Chris Kelly in Red Wings zone.
4:38 of 1st period - Off-side.
4:39 of 1st period - Jordan Staal wins face-off versus Chris Kelly in neutral zone.
4:42 of 1st period - Snap shot by Jordan Staal.
4:42 of 1st period - Shot Misses the Net.
5:07 of 1st period - Penalty to Nick Bjugstad is over, Nick Bjugstad is back on ice.
5:27 of 1st period - Snap shot by Brayden Schenn.
5:27 of 1st period - Shot Misses the Net.
6:14 of 1st period - Backhand shot by Kyle Clifford.
6:14 of 1st period - Deflect By Brayden Schenn.
6:14 of 1st period - Shot Misses the Net.
6:14 of 1st period - Puck is out of play.
6:15 of 1st period - Mika Zibanejad wins face-off versus Mike Richards in Red Wings zone.
6:40 of 1st period - Nate Thompson is hit by Nick Bjugstad and loses puck.
7:05 of 1st period - Wrist shot by Beau Bennett.
7:05 of 1st period - Deflect By Mika Zibanejad.
7:05 of 1st period - Stopped by James Reimer with a rebound.
8:14 of 1st period - Eric Nystrom is hit by Nick Bjugstad and loses puck.
8:35 of 1st period - Snap shot by Chris Kelly.
8:35 of 1st period - Shot Blocked by Jake Guentzel.
8:37 of 1st period - Slapshot by Andrew Alberts.
8:37 of 1st period - Deflect By Mika Zibanejad.
8:37 of 1st period - Stopped by Marc-André Fleury without a rebound.
8:38 of 1st period - Mike Richards wins face-off versus Jordan Staal in Maple Leafs zone.
9:10 of 1st period - Patrick Kane is hit by Philip Samuelsson and loses puck.
9:43 of 1st period - Eric Nystrom is hit by Karl Alzner and loses puck.
10:50 of 1st period - Wrist shot by David Krejci.
10:50 of 1st period - Deflect By Jordin Tootoo.
10:50 of 1st period - Shot Misses the Net.
10:50 of 1st period - Puck is out of play.
10:51 of 1st period - Petr Pohl wins face-off versus Mika Zibanejad in Maple Leafs zone.
11:00 of 1st period - Snap shot by Tye McGinn.
11:00 of 1st period - Goal by Tye McGinn - Red Wings : 1 - Maple Leafs : 0.
11:01 of 1st period - Mike Richards wins face-off versus Brayden Schenn in neutral zone.
11:12 of 1st period - Wrist shot by Connor Brown.
11:12 of 1st period - Stopped by Marc-André Fleury without a rebound.
11:13 of 1st period - Patrick Kane wins face-off versus Mike Richards in Maple Leafs zone.
11:36 of 1st period - Minor Penalty to Andrew Alberts for Interference.
11:37 of 1st period - Chris Kelly wins face-off versus Jordan Staal in Red Wings zone.
11:54 of 1st period - Wrist shot by Jordan Staal.
11:54 of 1st period - Shot Misses the Net.
13:36 of 1st period - Penalty to Andrew Alberts is over, Andrew Alberts is back on ice.
13:44 of 1st period - Snap shot by Nick Bjugstad.
13:44 of 1st period - Stopped by Marc-André Fleury with a rebound.
13:50 of 1st period - Slapshot by Nick Bjugstad.
13:50 of 1st period - Stopped by Marc-André Fleury with a rebound.
13:58 of 1st period - Snap shot by Carson Mcmillan.
13:58 of 1st period - Stopped by Marc-André Fleury with a rebound.
14:00 of 1st period - Slapshot by Jiri Fischer.
14:00 of 1st period - Shot Blocked by John Klingberg.
14:02 of 1st period - Slapshot by Philip Samuelsson.
14:02 of 1st period - Shot Misses the Net.
14:04 of 1st period - Wrist shot by Carson Mcmillan.
14:04 of 1st period - Deflect By Nick Bjugstad.
14:04 of 1st period - Stopped by Marc-André Fleury with a rebound.
14:09 of 1st period - Icing by Marc-Édouard Vlasic.
14:10 of 1st period - Mika Zibanejad wins face-off versus Mike Richards in Maple Leafs zone.
14:17 of 1st period - Snap shot by Jake Guentzel.
14:17 of 1st period - Shot Blocked by Alex Picard.
14:23 of 1st period - Marc-Édouard Vlasic is hit by Mike Richards and loses puck.
14:42 of 1st period - Snap shot by David Krejci.
14:42 of 1st period - Shot Hit the Post.
14:56 of 1st period - Snap shot by Nick Bjugstad.
14:56 of 1st period - Deflect By Petr Pohl.
14:56 of 1st period - Shot Blocked by Patrick Kane.
14:56 of 1st period - Puck is out of play.
14:57 of 1st period - Petr Pohl wins face-off versus Brayden Schenn in Maple Leafs zone.
15:04 of 1st period - Snap shot by Tye McGinn.
15:04 of 1st period - Shot Misses the Net.
15:06 of 1st period - Slapshot by Petr Pohl.
15:06 of 1st period - Shot Misses the Net.
15:08 of 1st period - Snap shot by Ryan O'Byrne.
15:08 of 1st period - Stopped by Marc-André Fleury without a rebound.
15:09 of 1st period - Brayden Schenn wins face-off versus Mike Richards in Maple Leafs zone.
15:55 of 1st period - Snap shot by Riley Armstrong.
15:55 of 1st period - Stopped by Marc-André Fleury without a rebound.
15:56 of 1st period - Nate Thompson wins face-off versus David Krejci in Maple Leafs zone.
16:40 of 1st period - Tye McGinn is hit by Kyle Clifford.
17:23 of 1st period - Snap shot by Mika Zibanejad.
17:23 of 1st period - Stopped by James Reimer with a rebound.
17:33 of 1st period - Nate Thompson is hit by Philip Samuelsson and loses puck.
18:00 of 1st period - Snap shot by Patrick Kane.
18:00 of 1st period - Shot Misses the Net.
18:02 of 1st period - Snap shot by Brayden Schenn.
18:02 of 1st period - Stopped by James Reimer with a rebound.
18:04 of 1st period - Slapshot by Marc-Édouard Vlasic.
18:04 of 1st period - Deflect By Patrick Kane.
18:04 of 1st period - Shot Misses the Net.
18:04 of 1st period - Puck is out of play.
18:05 of 1st period - Brayden Schenn wins face-off versus Mike Richards in Red Wings zone.
18:16 of 1st period - Wrist shot by Patrick Kane.
18:16 of 1st period - Shot Misses the Net.
18:18 of 1st period - Snap shot by Brayden Schenn.
18:18 of 1st period - Shot Misses the Net.
18:36 of 1st period - Slapshot by Ryan O'Byrne.
18:36 of 1st period - Shot Blocked by Ryan Parent.
18:54 of 1st period - Snap shot by Brayden Schenn.
18:54 of 1st period - Shot Misses the Net.
18:56 of 1st period - Slapshot by Patrick Kane.
18:56 of 1st period - Shot Misses the Net.
18:58 of 1st period - Slapshot by Hampus Lindholm.
18:58 of 1st period - Deflect By Patrick Kane.
18:58 of 1st period - Shot Blocked by Ryan O'Byrne.
18:58 of 1st period - Puck is out of play.
18:59 of 1st period - Mike Richards wins face-off versus Jordan Staal in Red Wings zone.
18:59 of 1st period - Mike Richards is hit by John Klingberg.
19:10 of 1st period - Minor Penalty to Ben Smith for Roughing.
19:11 of 1st period - Brayden Schenn wins face-off versus Mike Richards in Maple Leafs zone.
19:33 of 1st period - Slapshot by Nick Bjugstad.
19:33 of 1st period - Stopped by Marc-André Fleury with a rebound.
19:53 of 1st period - Wrist shot by Jordan Staal.
19:53 of 1st period - Stopped by James Reimer with a rebound.
Goals for this period are 1 for Red Wings vs 0 for Maple Leafs.
Shots for this period are 10 for Red Wings vs 10 for Maple Leafs.

2nd period


0:01 of 2nd period - Mike Richards wins face-off versus Brayden Schenn in neutral zone.
0:04 of 2nd period - Braydon Coburn is hit by Connor Brown and loses puck.
0:35 of 2nd period - Snap shot by Andrew Alberts.
0:35 of 2nd period - Stopped by Marc-André Fleury without a rebound.
0:36 of 2nd period - Nick Bjugstad wins face-off versus Jordan Staal in Maple Leafs zone.
0:37 of 2nd period - Slapshot by Jordin Tootoo.
0:37 of 2nd period - Stopped by Marc-André Fleury without a rebound.
0:38 of 2nd period - Nick Bjugstad wins face-off versus Jordan Staal in Maple Leafs zone.
0:49 of 2nd period - Snap shot by Tye McGinn.
0:49 of 2nd period - Stopped by Marc-André Fleury without a rebound.
0:50 of 2nd period - Brayden Schenn wins face-off versus Mike Richards in Maple Leafs zone.
0:58 of 2nd period - Off-side.
0:59 of 2nd period - Mike Richards wins face-off versus Brayden Schenn in neutral zone.
1:10 of 2nd period - Penalty to Ben Smith is over, Ben Smith is back on ice.
1:24 of 2nd period - Snap shot by Connor Brown.
1:24 of 2nd period - Shot Blocked by Brayden Schenn.
2:06 of 2nd period - Snap shot by Connor Brown.
2:06 of 2nd period - Shot Misses the Net.
3:26 of 2nd period - Snap shot by Connor Brown.
3:26 of 2nd period - Deflect By Mike Richards.
3:26 of 2nd period - Shot Blocked by Ben Smith.
3:26 of 2nd period - Puck is out of play.
3:27 of 2nd period - Nick Bjugstad wins face-off versus Mika Zibanejad in Maple Leafs zone.
3:34 of 2nd period - Tye McGinn is hit by Jake Guentzel and loses puck.
3:53 of 2nd period - Blake Comeau is hit by David Krejci and loses puck.
4:26 of 2nd period - Eric Nystrom is hit by Nick Bjugstad and loses puck.
5:07 of 2nd period - Wrist shot by Taylor Hall.
5:07 of 2nd period - Stopped by James Reimer with a rebound.
7:53 of 2nd period - Carson Mcmillan is hit by Ryan Parent.
8:17 of 2nd period - Marc-Édouard Vlasic is hit by Alex Picard and loses puck.
9:17 of 2nd period - Michael Haley is hit by Ryan Parent and loses puck.
10:45 of 2nd period - Ryan O'Byrne is hit by Patrick Kane and loses puck.
12:03 of 2nd period - Kyle Clifford is hit by Connor Brown and loses puck.
12:43 of 2nd period - Anton Volchenkov is hit by Ryan Parent and loses puck.
13:19 of 2nd period - Slapshot by Kevin Shattenkirk.
13:19 of 2nd period - Stopped by James Reimer with a rebound.
13:25 of 2nd period - Petr Pohl is hit by Eric Nystrom and loses puck.
13:51 of 2nd period - Slapshot by Kevin Shattenkirk.
13:51 of 2nd period - Stopped by James Reimer without a rebound.
13:52 of 2nd period - Mika Zibanejad wins face-off versus Mike Richards in Red Wings zone.
13:53 of 2nd period - Slapshot by Jake Guentzel.
13:53 of 2nd period - Stopped by James Reimer with a rebound.
14:01 of 2nd period - Braydon Coburn is hit by Philip Samuelsson and loses puck.
14:08 of 2nd period - Minor Penalty to Beau Bennett for Tripping.
14:09 of 2nd period - Brayden Schenn wins face-off versus Mike Richards in Maple Leafs zone.
14:22 of 2nd period - Snap shot by Brayden Schenn.
14:22 of 2nd period - Stopped by James Reimer without a rebound.
14:23 of 2nd period - Mike Richards wins face-off versus Brayden Schenn in Red Wings zone.
15:10 of 2nd period - Snap shot by Connor Brown.
15:10 of 2nd period - Shot Blocked by Jordan Staal.
16:04 of 2nd period - Snap shot by Patrick Kane.
16:04 of 2nd period - Deflect By Jordan Staal.
16:04 of 2nd period - Stopped by James Reimer without a rebound.
16:05 of 2nd period - Nick Bjugstad wins face-off versus Jordan Staal in Red Wings zone.
16:08 of 2nd period - Penalty to Beau Bennett is over, Beau Bennett is back on ice.
16:47 of 2nd period - Tye McGinn is hit by Ryan Parent and loses puck.
17:06 of 2nd period - Wrist shot by Jordan Staal.
17:06 of 2nd period - Shot Misses the Net.
17:08 of 2nd period - Snap shot by Beau Bennett.
17:08 of 2nd period - Stopped by James Reimer with a rebound.
17:10 of 2nd period - Slapshot by Kevin Shattenkirk.
17:10 of 2nd period - Goal by Kevin Shattenkirk - Red Wings : 1 - Maple Leafs : 1.
17:11 of 2nd period - Nate Thompson wins face-off versus Mike Richards in neutral zone.
17:14 of 2nd period - Slapshot by Kevin Shattenkirk.
17:14 of 2nd period - Deflect By Blake Comeau.
17:14 of 2nd period - Stopped by James Reimer with a rebound.
18:07 of 2nd period - Wrist shot by Mika Zibanejad.
18:07 of 2nd period - Shot Misses the Net.
18:18 of 2nd period - Minor Penalty to Ryan Parent for High sticking.
18:19 of 2nd period - Mike Richards wins face-off versus Brayden Schenn in Maple Leafs zone.
18:27 of 2nd period - Snap shot by Karl Alzner.
18:27 of 2nd period - Shot Misses the Net.
18:53 of 2nd period - Wrist shot by Karl Alzner.
18:53 of 2nd period - Deflect By Tye McGinn.
18:53 of 2nd period - Shot Misses the Net.
18:53 of 2nd period - Puck is out of play.
18:54 of 2nd period - Mike Richards wins face-off versus Jordan Staal in Maple Leafs zone.
18:55 of 2nd period - Wrist shot by Connor Brown.
18:55 of 2nd period - Shot Misses the Net.
Goals for this period are 0 for Red Wings vs 1 for Maple Leafs.
Shots for this period are 3 for Red Wings vs 9 for Maple Leafs.

3rd period


0:01 of 3rd period - Brayden Schenn wins face-off versus Alex Picard in neutral zone.
0:12 of 3rd period - Kyle Clifford is hit by Mike Richards.
0:18 of 3rd period - Penalty to Ryan Parent is over, Ryan Parent is back on ice.
0:56 of 3rd period - Wrist shot by Andrew Alberts.
0:56 of 3rd period - Shot Misses the Net.
0:58 of 3rd period - Slapshot by Anton Volchenkov.
0:58 of 3rd period - Stopped by Marc-André Fleury without a rebound.
0:59 of 3rd period - Brayden Schenn wins face-off versus Alex Picard in Maple Leafs zone.
0:59 of 3rd period - Brayden Schenn is hit by Philip Samuelsson.
1:34 of 3rd period - Off-side.
1:35 of 3rd period - Brayden Schenn wins face-off versus Nick Bjugstad in neutral zone.
1:38 of 3rd period - Snap shot by Patrick Kane.
1:38 of 3rd period - Goal by Patrick Kane - Red Wings : 1 - Maple Leafs : 2.
1:39 of 3rd period - Mike Richards wins face-off versus Brayden Schenn in neutral zone.
1:48 of 3rd period - Connor Brown is hit by Braydon Coburn and loses puck.
2:07 of 3rd period - Icing by Jordan Staal.
2:08 of 3rd period - Jordan Staal wins face-off versus Petr Pohl in Maple Leafs zone.
2:44 of 3rd period - Jiri Fischer is hit by John Klingberg and loses puck.
3:03 of 3rd period - Wrist shot by Jake Guentzel.
3:03 of 3rd period - Stopped by James Reimer without a rebound.
3:04 of 3rd period - Jordan Staal wins face-off versus Nick Bjugstad in Red Wings zone.
3:13 of 3rd period - Slapshot by Philip Samuelsson.
3:13 of 3rd period - Deflect By Tye McGinn.
3:13 of 3rd period - Stopped by Marc-André Fleury without a rebound.
3:14 of 3rd period - Brayden Schenn wins face-off versus Mike Richards in Maple Leafs zone.
3:14 of 3rd period - Brayden Schenn is hit by Mike Richards.
3:17 of 3rd period - Minor Penalty to Kyle Clifford for Hooking.
3:18 of 3rd period - Mike Richards wins face-off versus Brayden Schenn in Maple Leafs zone.
3:21 of 3rd period - Minor Penalty to Connor Brown for Interference.
3:22 of 3rd period - Jordan Staal wins face-off versus Mike Richards in Red Wings zone.
3:24 of 3rd period - Backhand shot by Jordan Staal.
3:24 of 3rd period - Stopped by James Reimer with a rebound.
3:36 of 3rd period - Wrist shot by Patrick Kane.
3:36 of 3rd period - Shot Blocked by Philip Samuelsson.
3:48 of 3rd period - Kevin Shattenkirk is hit by David Krejci and loses puck.
4:39 of 3rd period - Ryan O'Byrne is hit by Taylor Hall and loses puck.
4:52 of 3rd period - Jordan Staal is hit by Philip Samuelsson and loses puck.
5:06 of 3rd period - Off-side.
5:07 of 3rd period - Nick Bjugstad wins face-off versus Mika Zibanejad in neutral zone.
5:16 of 3rd period - Karl Alzner is hit by Kevin Shattenkirk and loses puck.
5:17 of 3rd period - Penalty to Kyle Clifford is over, Kyle Clifford is back on ice.
5:21 of 3rd period - Penalty to Connor Brown is over, Connor Brown is back on ice.
5:21 of 3rd period - Wrist shot by Eric Nystrom.
5:21 of 3rd period - Stopped by James Reimer with a rebound.
5:23 of 3rd period - Wrist shot by Mika Zibanejad.
5:23 of 3rd period - Shot Blocked by Jiri Fischer.
5:25 of 3rd period - Slapshot by Hampus Lindholm.
5:25 of 3rd period - Deflect By Karl Alzner.
5:25 of 3rd period - Stopped by James Reimer with a rebound.
5:29 of 3rd period - Snap shot by Kyle Clifford.
5:29 of 3rd period - Goal by Kyle Clifford - Red Wings : 1 - Maple Leafs : 3.
5:30 of 3rd period - Brayden Schenn wins face-off versus Mike Richards in neutral zone.
6:17 of 3rd period - Icing by Philip Samuelsson.
6:18 of 3rd period - Mike Richards wins face-off versus Jordan Staal in Red Wings zone.
6:47 of 3rd period - Wrist shot by David Krejci.
6:47 of 3rd period - Deflect By Jordin Tootoo.
6:47 of 3rd period - Stopped by Marc-André Fleury with a rebound.
7:11 of 3rd period - Snap shot by Carson Mcmillan.
7:11 of 3rd period - Stopped by Marc-André Fleury without a rebound.
7:12 of 3rd period - Chris Kelly wins face-off versus Mika Zibanejad in Maple Leafs zone.
7:41 of 3rd period - Slapshot by Tye McGinn.
7:41 of 3rd period - Stopped by Marc-André Fleury without a rebound.
7:42 of 3rd period - Petr Pohl wins face-off versus Patrick Kane in Maple Leafs zone.
7:43 of 3rd period - Snap shot by Nick Bjugstad.
7:43 of 3rd period - Stopped by Marc-André Fleury with a rebound.
7:45 of 3rd period - Wrist shot by Petr Pohl.
7:45 of 3rd period - Deflect By Tye McGinn.
7:45 of 3rd period - Stopped by Marc-André Fleury without a rebound.
7:46 of 3rd period - Mike Richards wins face-off versus Brayden Schenn in Maple Leafs zone.
7:49 of 3rd period - Snap shot by Alex Picard.
7:49 of 3rd period - Stopped by Marc-André Fleury with a rebound.
7:51 of 3rd period - Slapshot by Mike Richards.
7:51 of 3rd period - Shot Blocked by Kevin Shattenkirk.
7:53 of 3rd period - Slapshot by Mike Richards.
7:53 of 3rd period - Deflect By Brayden Schenn.
7:53 of 3rd period - Shot Misses the Net.
7:53 of 3rd period - Puck is out of play.
7:54 of 3rd period - Mike Richards wins face-off versus Kyle Clifford in Maple Leafs zone.
7:55 of 3rd period - Snap shot by Alex Picard.
7:55 of 3rd period - Shot Misses the Net.
7:57 of 3rd period - Minor Penalty to Kevin Shattenkirk for Delaying the game.
7:58 of 3rd period - Brayden Schenn wins face-off versus Mike Richards in Maple Leafs zone.
9:57 of 3rd period - Penalty to Kevin Shattenkirk is over, Kevin Shattenkirk is back on ice.
10:06 of 3rd period - Minor Penalty to Michael Haley for Tripping.
10:07 of 3rd period - Chris Kelly wins face-off versus Patrick Kane in Red Wings zone.
10:07 of 3rd period - Chris Kelly is hit by Jordan Staal.
10:18 of 3rd period - Backhand shot by Chris Kelly.
10:18 of 3rd period - Stopped by Marc-André Fleury with a rebound.
10:50 of 3rd period - Wrist shot by Mike Richards.
10:50 of 3rd period - Goal by Mike Richards - Red Wings : 2 - Maple Leafs : 3.
10:51 of 3rd period - Jordan Staal wins face-off versus Chris Kelly in neutral zone.
10:58 of 3rd period - Snap shot by Patrick Kane.
10:58 of 3rd period - Stopped by James Reimer with a rebound.
11:00 of 3rd period - Wrist shot by Jordan Staal.
11:00 of 3rd period - Shot Blocked by Anton Volchenkov.
11:02 of 3rd period - Wrist shot by Jordan Staal.
11:02 of 3rd period - Deflect By Chris Kelly.
11:02 of 3rd period - Shot Misses the Net.
11:02 of 3rd period - Puck is out of play.
11:03 of 3rd period - Jordan Staal wins face-off versus Chris Kelly in Red Wings zone.
12:06 of 3rd period - Penalty to Michael Haley is over, Michael Haley is back on ice.
12:41 of 3rd period - Slapshot by Alex Picard.
12:41 of 3rd period - Stopped by Marc-André Fleury without a rebound.
12:42 of 3rd period - Jordan Staal wins face-off versus Nick Bjugstad in Maple Leafs zone.
12:48 of 3rd period - Icing by Kevin Shattenkirk.
12:49 of 3rd period - Jordan Staal wins face-off versus Tye McGinn in Maple Leafs zone.
13:00 of 3rd period - Wrist shot by Jordan Staal.
13:00 of 3rd period - Stopped by James Reimer without a rebound.
13:01 of 3rd period - Mike Richards wins face-off versus Brayden Schenn in Red Wings zone.
13:01 of 3rd period - Mike Richards is hit by Kyle Clifford.
14:27 of 3rd period - Off-side.
14:28 of 3rd period - Brayden Schenn wins face-off versus Mike Richards in neutral zone.
14:59 of 3rd period - Minor Penalty to Ben Smith for Interference.
15:00 of 3rd period - Mike Richards wins face-off versus Kyle Clifford in Maple Leafs zone.
15:00 of 3rd period - Snap shot by Connor Brown.
15:00 of 3rd period - Shot Misses the Net.
15:07 of 3rd period - Ryan Parent is hit by Connor Brown.
15:09 of 3rd period - Snap shot by Kyle Clifford.
15:09 of 3rd period - Goal by Kyle Clifford - Red Wings : 2 - Maple Leafs : 4.
15:10 of 3rd period - Mike Richards wins face-off versus Brayden Schenn in neutral zone.
16:59 of 3rd period - Penalty to Ben Smith is over, Ben Smith is back on ice.
17:12 of 3rd period - Snap shot by Taylor Hall.
17:12 of 3rd period - Shot Misses the Net.
17:18 of 3rd period - Ryan Parent is hit by Carson Mcmillan.
17:22 of 3rd period - Jordan Staal is hit by Carson Mcmillan and loses puck.
17:58 of 3rd period - Snap shot by Eric Nystrom.
17:58 of 3rd period - Shot Misses the Net.
18:53 of 3rd period - Wrist shot by Beau Bennett.
18:53 of 3rd period - Shot Hit the Post.
19:07 of 3rd period - Slapshot by Patrick Kane.
19:07 of 3rd period - Shot Misses the Net.
19:31 of 3rd period - Jordin Tootoo is hit by Mika Zibanejad and loses puck.
Goals for this period are 1 for Red Wings vs 3 for Maple Leafs.
Shots for this period are 11 for Red Wings vs 9 for Maple Leafs.